Map: Dusk Towers

Players

MrPig

  • Race: Terran Terran
  • League: Diamond

LilDicky - Winner!

  • Race: Terran Terran
  • League: Diamond

VOD

http://www.twitch.tv/tumescentpie

Description

Time

  • Played on: Dec. 6, 2015, 1:55 a.m.
  • Length: 24:05
Show
View Real Time Build Order
Export as new Build Order

MrPig Terran 

Build Orders: Banshee Rush 

Get SALT Encoding   

  12  0:01  SCV  
  13  0:13  SCV  
  14  0:18  Supply Depot  
  14  0:25  SCV  
  14  0:28  Refinery  
  15  0:39  SCV  
  16  0:46  Barracks  
  16  0:51  SCV  
  17  1:03  SCV  
  18  1:15  SCV  
  19  1:23  Supply Depot  
  20  1:34  Orbital Command  
  20  1:35  Reaper  
  20  1:53  Factory  
  20  2:00  SCV  
  20  2:01  Refinery  
  21  2:08  Reaper  
  22  2:18  SCV  
  22  2:30  SCV  
  22  2:31  Command Center  
  23  2:43  SCV, Starport  
  24  2:46  Marine  
  25  2:55  SCV  
  26  3:09  SCV, Factory Tech Lab  
  26  3:11  Marine  
  28  3:15  Supply Depot  
  28  3:20  Barracks  
  28  3:21  SCV  
  29  3:27  Engineering Bay  
  29  3:29  Marine  
  30  3:38  Cloaking Field  
  31  3:43  Banshee  
  31  3:45  SCV  
  34  3:50  Marine  
  35  3:55  Orbital Command  
  35  4:00  SCV  
  36  4:03  Widow Mine  
  36  4:06  Marine  
  39  4:25  Marine  
  39  4:26  Barracks Tech Lab  
  39  4:28  Banshee  
  44  4:31  SCV x2  
  44  4:32  Widow Mine  
  44  4:37  Supply Depot  
  44  4:38  Barracks  
  47  4:43  Missile Turret  
  47  4:46  SCV x2  
  47  4:51  Marine  
  47  4:52  Marine  
  51  4:58  SCV x2  
  53  5:09  Marine  
  53  5:10  SCV x2  
  56  5:15  Factory Tech Lab, Marine  
  57  5:22  SCV x2  
  57  5:24  Starport Reactor  
  53  5:47  Supply Depot  
  53  5:50  SCV x2  
  55  6:02  SCV x2  
  54  6:05  Barracks  
  54  6:06  Barracks x2, Medivac x2  
  54  6:08  Siege Tank  
  54  6:09  Command Center  
  54  6:10  Barracks Reactor x2  
  58  6:14  SCV x2, Combat Shields  
  58  6:15  Marine  
  61  6:19  Terran Infantry Weapons Level 1  
  61  6:26  SCV, Refinery  
  61  6:27  Refinery  
  63  6:40  Siege Tank  
  63  6:42  SCV x2  
  63  6:44  Medivac  
  70  6:51  Marine  
  70  7:03  Supply Depot x2, SCV x2, Marine x3  
  70  7:07  Missile Turret x2  
  75  7:10  Missile Turret  
  75  7:12  Missile Turret  
  75  7:15  SCV x2  
  77  7:18  Marine  
  77  7:20  Marine  
  79  7:25  Marine x3  
  82  7:31  Factory  
  82  7:36  Barracks  
  82  7:37  Barracks  
  82  7:39  Marine x2  
  82  7:40  SCV  
  82  7:41  SCV  
  82  7:42  Siege Tank  
  82  7:43  Marine  
  90  7:46  Marine  
  90  7:47  Marine  
  92  7:53  SCV, Supply Depot  
  92  7:54  Supply Depot  
  92  7:56  Sensor Tower  
  92  7:57  Marine  
  94  7:58  Orbital Command  
  94  8:01  SCV  
  94  8:02  Armory, Engineering Bay  
  94  8:03  Marine x2  
  94  8:04  Marine  
  94  8:05  SCV  
  99  8:08  Stimpack  
  99  8:10  Medivac  
  101  8:14  SCV  
  101  8:18  SCV  
  103  8:26  SCV x2  
  105  8:29  Missile Turret  
  105  8:30  SCV  
  105  8:32  Missile Turret  
  106  8:34  Sensor Tower, Marine x3  
  106  8:35  Marine  
  106  8:36  Barracks Reactor, Barracks Tech Lab  
  106  8:37  Siege Tank  
  106  8:38  SCV x2  
  115  8:42  SCV, Terran Infantry Armor Level 1  
  116  8:50  SCV x2  
  116  8:54  SCV  
  119  9:02  SCV x2  
  121  9:03  Widow Mine  
  121  9:05  Terran Vehicle Weapons Level 1  
  121  9:06  SCV  
  121  9:08  Marine  
  125  9:13  Terran Infantry Weapons Level 2  
  125  9:16  Supply Depot x2  
  125  9:19  Supply Depot  
  125  9:20  Supply Depot  
  125  9:37  SCV, Marine x8  
  134  9:39  Siege Tank x2  
  140  9:46  SCV x2  
  142  9:55  Marine x6  
  146  10:17  Marine x8  
  146  10:19  Siege Tank  
  146  10:20  Siege Tank  
  154  10:32  Command Center  
  154  10:34  Marine  
  154  10:35  Marine x6  
  136  10:38  Marine  
  136  10:40  Terran Infantry Armor Level 2  
  143  10:46  Barracks  
  143  10:48  Barracks x2  
  143  10:49  Factory  
  143  10:52  Marine  
  143  10:53  Marine x6  
  143  10:56  Marine  
  151  11:05  Siege Tank  
  151  11:06  Siege Tank  
  157  11:31  Marine  
  157  11:33  Marine  
  157  11:34  Marine  
  157  11:35  Marine x2  
  157  11:36  Medivac  
  157  11:37  Medivac  
  125  12:00  Marine x3  
  125  12:01  Marine x8  
  100  12:02  Siege Tank  
  100  12:03  Siege Tank  
  100  12:06  Medivac  
  114  12:08  Medivac  
  116  12:18  Marine x3  
  116  12:19  Marine x5  
  127  12:26  Barracks Reactor x3  
  127  12:27  Factory Tech Lab  
  124  12:34  Siege Tank  
  124  12:36  Marine x5  
  124  12:37  Marine x3  
  134  12:38  Refinery x2  
  134  12:40  Starport  
  134  12:42  Viking x2  
  139  12:45  Terran Ship Weapons Level 1  
  139  12:51  Armory  
  139  12:53  Marine  
  139  12:54  Marine x5  
  145  13:01  Marine  
  145  13:02  Marine x5  
  145  13:04  Thor  
  157  13:12  Viking  
  159  13:16  Starport  
  159  13:18  Orbital Command  
  159  13:26  Starport Reactor  
  159  13:27  Viking  
  161  13:37  Supply Depot x2  
  161  13:39  Supply Depot  
  161  13:40  Refinery  
  161  13:43  Marine x7  
  161  13:44  Refinery, Marine x4  
  172  13:54  Viking, Marine x3  
  177  13:56  Terran Vehicle And Ship Armor Level 1  
  177  13:57  Viking, Starport Reactor  
  177  13:59  Command Center  
  177  14:11  Viking  
  177  14:12  Viking  
  181  14:17  Marine  
  181  14:18  Marine x13  
  195  14:35  Marine  
  196  14:42  Marine  
  196  14:44  Viking  
  173  15:20  Viking  
  130  15:21  Viking x3  
  175  15:24  Viking x2  
  185  15:52  Marine  
  185  15:53  Marine x13  
  175  16:31  Marine x3  
  141  16:35  Siege Tank  
  141  16:36  Siege Tank x2  
  128  16:47  Marine  
  128  16:48  Marine x10  
  128  16:49  Marine  
  128  17:07  Siege Tank  
  128  17:08  Siege Tank x2  
  137  17:09  Marine  
  137  17:10  Marine x10  
  146  17:34  Marine  
  146  17:35  Marine  
  148  17:40  Supply Depot x2  
  148  17:41  Supply Depot  
  148  17:58  Marine  
  148  18:01  Marine x13  
  148  18:02  Siege Tank  
  162  18:19  Marine x3  
  161  18:36  Marine x8  
  154  19:19  Command Center  
  154  19:29  Medivac  
  154  19:30  Medivac  
  158  19:34  Marine x4  
  158  19:35  Marine x2  
  162  20:00  Viking  
  162  20:01  Viking  
  143  20:13  Marine  
  111  20:14  Marine  
Show
View Real Time Build Order
Export as new Build Order

LilDicky Terran - Winner!

Build Orders: Mech 

Get SALT Encoding   

  12  0:01  SCV  
  13  0:14  SCV  
  14  0:18  Supply Depot  
  14  0:26  SCV  
  15  0:31  Refinery  
  15  0:40  SCV  
  16  0:46  Barracks  
  16  0:52  SCV  
  17  1:04  SCV  
  18  1:16  SCV  
  19  1:28  SCV  
  20  1:34  Supply Depot  
  20  1:35  Reaper  
  21  1:40  Orbital Command  
  21  1:57  Command Center  
  21  2:08  Marine  
  21  2:09  Factory  
  21  2:12  SCV  
  23  2:24  SCV  
  23  2:26  Refinery, Marine  
  25  2:36  SCV  
  26  2:41  Supply Depot  
  26  2:45  Marine  
  26  2:48  SCV  
  28  2:54  Starport  
  28  2:55  Factory Tech Lab  
  28  3:00  SCV  
  28  3:03  Marine  
  30  3:12  Orbital Command  
  30  3:13  SCV  
  30  3:16  Siege Tank  
  34  3:20  Marine  
  34  3:24  Engineering Bay  
  34  3:25  SCV  
  36  3:31  Medivac  
  38  3:36  Supply Depot  
  38  3:38  SCV  
  38  3:40  SCV  
  40  3:45  Marine  
  41  3:54  Siege Tank  
  44  3:55  SCV  
  44  3:56  SCV  
  44  4:00  Missile Turret  
  46  4:05  Supply Depot  
  46  4:08  SCV  
  47  4:10  SCV  
  47  4:11  Refinery x2  
  48  4:17  Medivac  
  48  4:24  SCV, Marine  
  51  4:25  SCV  
  53  4:32  Siege Tank  
  53  4:36  SCV  
  53  4:37  SCV  
  58  4:42  Marine  
  58  4:43  Supply Depot  
  59  4:47  Missile Turret  
  59  4:57  Starport Tech Lab  
  59  4:58  SCV  
  59  4:59  SCV  
  61  5:03  Marine  
  61  5:04  Siege Tank  
  65  5:10  SCV, Missile Turret  
  65  5:11  SCV  
  64  5:16  Raven  
  66  5:22  SCV  
  66  5:23  Missile Turret  
  66  5:25  Supply Depot  
  52  5:40  Marine  
  49  5:48  SCV  
  49  5:49  SCV  
  49  5:57  Marine  
  49  5:59  Raven  
  49  6:00  SCV  
  51  6:10  SCV  
  52  6:15  Marine  
  52  6:17  Command Center  
  53  6:32  SCV x2, Supply Depot  
  55  6:33  Supply Depot, Marine  
  56  6:44  SCV  
  56  6:46  SCV  
  58  6:47  Factory x2  
  58  6:51  Marine  
  59  6:54  Factory, Siege Tank  
  59  6:55  Banshee  
  59  6:56  SCV  
  59  6:59  SCV  
  67  7:08  SCV  
  67  7:10  Missile Turret  
  67  7:15  Marine  
  69  7:19  Supply Depot  
  69  7:24  SCV  
  69  7:28  SCV  
  71  7:32  Marine  
  72  7:39  SCV  
  72  7:40  SCV  
  74  7:50  Raven  
  76  7:51  SCV  
  76  7:52  SCV, Marine  
  76  7:55  Orbital Command  
  79  8:05  SCV  
  79  8:06  SCV  
  79  8:10  Factory Tech Lab x2, Factory Reactor, Marine  
  82  8:13  Command Center  
  82  8:16  Siege Tank  
  82  8:17  SCV  
  82  8:18  SCV  
  87  8:25  SCV  
  87  8:26  Refinery  
  87  8:29  Siege Tank x2  
  87  8:30  SCV x2  
  87  8:33  Banshee  
  98  8:36  Refinery  
  98  8:37  SCV  
  98  8:39  Missile Turret  
  98  8:40  Armory  
  99  8:42  SCV  
  99  8:43  Armory, Missile Turret  
  99  8:48  SCV, Hellion, Missile Turret, Fusion Core  
  102  8:49  SCV  
  102  8:54  SCV  
  105  9:00  Hellion x2  
  109  9:06  Supply Depot  
  109  9:19  Missile Turret  
  109  9:21  Hi-Sec Auto Tracking  
  109  9:24  Banshee, Hellion x3, Siege Tank, SCV x3  
  109  9:29  Supply Depot  
  109  9:30  Supply Depot  
  124  9:31  Supply Depot  
  124  9:43  SCV x3  
  127  9:48  Hellion  
  127  9:49  Siege Tank x2  
  135  9:54  Missile Turret  
  135  9:55  SCV  
  135  9:56  Siege Tank  
  130  10:18  Banshee  
  130  10:19  Hellion x2  
  130  10:21  Siege Tank  
  140  10:33  Starport  
  140  10:34  Starport  
  140  10:36  Starport  
  140  10:38  Terran Vehicle And Ship Armor Level 1  
  140  10:39  Terran Ship Weapons Level 1  
  140  10:40  Behemoth Reactor  
  140  10:42  Hyperflight Rotors  
  140  10:55  Refinery  
  140  11:07  SCV x2  
  140  11:08  Refinery  
  140  11:09  Hellion x3, Siege Tank x2  
  140  11:10  Sensor Tower, Infernal Pre-Igniter  
  140  11:11  Sensor Tower  
  154  11:12  Starport Tech Lab x3  
  154  11:14  Banshee  
  157  11:19  Planetary Fortress  
  157  11:22  SCV x2, Missile Turret  
  157  11:25  Missile Turret  
  147  11:49  Sensor Tower  
  126  12:03  Hellion x2, Siege Tank x2  
  136  12:13  Hellion  
  136  12:14  Cloaking Field  
  138  12:16  Corvid Reactor  
  138  12:19  Advanced Ballistics  
  138  12:22  Banshee  
  141  12:23  Command Center  
  141  12:24  Viking  
  141  12:25  Hellion x2  
  147  12:31  Command Center  
  147  12:34  Siege Tank  
  147  12:35  Hellion  
  152  12:46  Building Armor  
  152  12:47  Weapon Refit  
  152  12:49  Missile Turret  
  152  12:50  Hellion x3  
  158  12:53  SCV  
  158  12:55  SCV  
  158  12:57  Hellion  
  162  12:59  SCV  
  162  13:00  SCV  
  164  13:15  Supply Depot  
  164  13:16  Supply Depot x2  
  164  13:34  Banshee x4  
  164  13:35  SCV, Hellion  
  164  13:38  Missile Turret  
  179  13:42  Planetary Fortress  
  179  13:45  Terran Ship Weapons Level 2, Terran Vehicle And Ship Armor Level 2  
  179  13:47  Command Center  
  181  13:48  Hellion  
  181  13:49  Hellion x3  
  181  13:51  Refinery  
  181  13:54  Refinery  
  187  13:56  Hellion, Refinery  
  187  14:01  Missile Turret  
  187  14:02  Planetary Fortress, Missile Turret  
  189  14:03  Refinery  
  189  14:04  Missile Turret  
  191  14:10  Hellion  
  191  14:11  Missile Turret  
  191  14:17  Banshee  
  191  14:18  Hellion x2  
  191  14:19  Hellion, Drilling Claws  
  191  14:23  Command Center  
  200  14:24  Missile Turret  
  199  14:54  Missile Turret  
  199  15:18  SCV  
  200  15:41  Missile Turret  
  199  16:02  Terran Ship Weapons Level 3  
  199  16:03  Terran Vehicle And Ship Armor Level 3  
  174  16:42  Hellion x2  
  174  16:43  Hellion x2  
  174  16:44  Battlecruiser x3  
  151  17:10  Battlecruiser  
  151  17:11  Hellion  
  151  17:12  Hellion x4  
  167  17:33  Hellion x4  
  175  17:48  Battlecruiser x3  
  187  18:14  Hellion x5  
  173  18:35  Hellion  
  173  18:40  Terran Vehicle Weapons Level 1  
  173  18:41  Banshee  
  173  18:47  Planetary Fortress  
  176  18:52  Banshee, Battlecruiser x2  
  191  19:24  Banshee  
  190  19:43  Viking  
  184  19:56  Viking x2  
  152  20:10  Banshee  
  152  20:13  Banshee  
  155  20:20  Thor x3  
  177  20:21  Hellion x2  
  177  20:23  SCV x2  
  177  20:24  Command Center  
  177  20:26  Banshee x2  
  177  20:28  SCV x3  
  188  20:35  SCV  
  189  20:54  Battlecruiser  
  189  20:55  Terran Vehicle Weapons Level 2  
  195  21:09  Battlecruiser  
  197  21:58  SCV  
  197  21:59  SCV  
  197  22:03  SCV  
  197  22:11  Command Center  
Tags
 
Add a new tag
Caveats
  • Supply blocks, unpowered buildings, or Contaminate may cause inaccurate times.
  • Supply counts are checked every 10 seconds.